Unix NetHack Version 5.0.0-0 post-release - last build Jun 10 2026 00:39:30 (3ee93aec679c4c4259841fe613dc97188e26a321,branch:main).

Game began 2026-06-14 02:32:15, ended 2026-06-14 02:56:58.

Aranth, chaotic female elven Wizard

                    -----        ------------------------
                   |`...........``.....%[....B@........[`|
                   |.----------------#----[-------------.|
                   |.|              ...  ...           |.|
 ----             --.| -           -......--           |.|
 |...-            |..|.|           |`.....           | |.---
 |....---      -----.#.|             .....+          |.|...|
  -.....|      |..|..|.|           |......|          |.#.|.|
 --.....--------.....| |           -......-          -.|.| .
 |...................|             ....`...          . |.| ..
 --........-----.....|            ..{.. `...        .. |.| --
  ---.....<..........|           ....--  .--        `  |.|
    |..------------..|          ----`     .            |.|
    ----          |..|                    .            |.|
                  |.*|                     |           |.|
                ---.*|                     |.        | |.|
          -------....| ------------- -------.---------.|.|
         --..--......|.................................#.|
         |........|..-----------#------------#----------.|
         |..|..|.---.*............)..*[..................|
         ---------  --------------------------------------
Aranth the Thaumaturge    St:8 Dx:16 Co:13 In:20 Wi:12 Ch:8  Chaotic
Dlvl:6  $:279 HP:0(48) Pw:4(85) AC:4  Xp:7 T:2478  Burdened

Latest messages:
 What do you want to drink? [fghs or ?*] f
 You feel more experienced.
 Welcome to experience level 7.
 Aiotha of Aigrisahai hits!
 In what direction? 3
 The spell hits Aiotha of Aigrisahai!
 You kill Aiotha of Aigrisahai!
 The orc-captain picks up a scroll labeled TEMOV.
 The orc-captain swings his curved sword.
 The orc-captain hits!
 The orc-captain swings his curved sword.
 The orc-captain hits again!
 ##pray: unknown extended command.
 Are you sure you want to pray? [yn] (n) y
 You begin praying to Anhur.
 You are surrounded by a shimmering light.
 You finish your prayer.
 You feel that Anhur is well-pleased.
 You feel much better.
 In what direction? 3
 The spell hits the orc-captain!
 The spell hits it!
 You kill it!
 The orc-captain swings his curved sword.
 The orc-captain hits!
 The orc-captain swings his curved sword.
 The orc-captain hits again!
 In what direction? 3
 The spell hits the orc-captain!
 The orc-captain reads a scroll labeled TEMOV!
 A giant bat suddenly appears close by!
 You don't have enough energy to cast that spell.
 You hit the orc-captain.
 You kill the orc-captain!
 The giant bat bites!
 The giant bat bites!
 The giant bat bites!
 The giant bat misses!
 The giant bat bites!
 The giant bat bites!
 The giant bat misses!
 You hit the giant bat!
 The giant bat bites!
 The giant bat misses!
 You miss the giant bat.
 The giant bat bites!
 The giant bat bites!
 You die...
 Do you want your possessions identified? [ynq] (y) y
 Do you want to see your attributes? [ynq] (y) q

Inventory:
 Coins    ('$')
  $ - 279 gold pieces
 Weapons  (')')
  z - 10 +0 arrows
  S - 2 cursed poisoned -1 orcish arrows
  w - a +0 boomerang
  p - 10 cursed -1 darts
  U - 5 +0 shuriken
  C - a +0 dagger
  a - a blessed +1 quarterstaff (weapon in hands)
 Armor    ('[')
  Q - an uncursed +0 dwarvish iron helm (being worn)
  D - an uncursed +0 pair of iron shoes (being worn)
  b - an uncursed +0 cloak of magic resistance (being worn)
 Comestibles  ('%')
  r - 6 uncursed food rations
 Scrolls  ('?')
  t - a blessed scroll of confuse monster
  B - an uncursed scroll of confuse monster
  L - an uncursed scroll of create monster
  M - a cursed scroll of create monster
  j - a blessed scroll of destroy armor
  x - an uncursed scroll of fire
  k - an uncursed scroll of food detection
  i - an uncursed scroll of light
  A - an uncursed scroll of punishment
 Spellbooks  ('+')
  J - an uncursed spellbook of cure sickness
  m - an uncursed spellbook of extra healing
  l - a blessed spellbook of force bolt
  T - an uncursed spellbook of stone to flesh
 Potions  ('!')
  g - an uncursed potion of booze
  s - an uncursed potion of healing
  h - an uncursed potion of levitation
 Rings    ('=')
  e - an uncursed +2 ring of adornment
  d - an uncursed +1 ring of protection (on right hand)
 Wands    ('/')
  O - a wand of digging (0:6)
  c - a wand of slow monster (0:7)
 Tools    ('(')
  o - an uncursed bell
  n - a magic marker (0:22)
  N - 2 uncursed tallow candles
  F - an uncursed tin opener
  R - an uncursed tin whistle
 Gems/Stones  ('*')
  H - 2 uncursed fluorite stones
  G - an uncursed ruby
  P - 2 uncursed worthless pieces of black glass
  E - 3 uncursed worthless pieces of blue glass
  q - a cursed worthless piece of blue glass
  K - an uncursed worthless piece of orange glass
  v - an uncursed worthless piece of violet glass
  I - an uncursed worthless piece of yellowish brown glass

Aranth the Wizard's attributes:

Background:
 You were a Thaumaturge, a level 7 female elven Wizard.
 You were chaotic, on a mission for Anhur
 who was opposed by Ptah (lawful) and Thoth (neutral).
 You were right-handed.
 You were in the Gnomish Mines, on level 6.
 You entered the dungeon 2478 turns ago.
 It was nighttime.
 There was a new moon in effect when your adventure ended.
 You had 1095 experience points, 185 more were needed to attain level 8.

Basics:
 You had 0 out of 48 hit points.
 You had 4 out of 85 energy points (spell power).
 Your armor class was 4.
 Your wallet contained 279 zorkmids.
 Autopickup was off.

Final Characteristics:
 Your strength was 8 (limit:18).
 Your dexterity was 16 (limit:18).
 Your constitution was 13 (limit:16).
 Your intelligence was 20 (limit:20).
 Your wisdom was 12 (limit:20).
 Your charisma was 8 (limit:18).

Final Status:
 You weren't hungry.
 You were burdened; movement was slightly slowed.
 You were wielding a quarterstaff.
 You had basic skill with quarterstaff.

Final Attributes:
 You were piously aligned.
 You were magic-protected.
 You were sleep resistant.
 You were telepathic.
 You had infravision.
 You had a small defense bonus (+1).
 You were guarded.
 You are dead.

Miscellaneous:
 You didn't encounter any bones levels.
 Total elapsed playing time was 24 minutes and 42 seconds.

Major events:
 Turn
    1: Aranth the chaotic female elven Wizard entered the dungeon
  944: entered the Gnomish Mines
  987: attained the rank of Conjurer (level 3)
 1767: attained the rank of Thaumaturge (level 6)
 1918: reached Mine Town
 2478: killed by a giant bat

Spells:
 Name                 Level Category     Fail Retention
 force bolt             1   attack         0%   86%-90%
 extra healing          3   healing       72%  76%-100%
 stone to flesh         3   healing       72%  76%-100%
 cure sickness          3   healing       72%  76%-100%

Skills:
 Fighting Skills
   bare handed combat [Unskilled]
   riding             [Unskilled]
 Weapon Skills
   dagger             [Unskilled]
   knife              [Unskilled]
   axe                [Unskilled]
   short sword        [Unskilled]
   club               [Unskilled]
   mace               [Unskilled]
   quarterstaff       [Basic]
   polearms           [Unskilled]
   spear              [Unskilled]
   trident            [Unskilled]
   sling              [Unskilled]
   dart               [Unskilled]
   shuriken           [Unskilled]
 Spellcasting Skills
   attack spells      [Skilled]
   healing spells     [Unskilled]
   divination spells  [Unskilled]
   enchantment spells [Basic]
   clerical spells    [Unskilled]
   escape spells      [Unskilled]
   matter spells      [Unskilled]

Voluntary challenges:
 Character rerolling was not enabled.
 You never genocided any monsters.
 You never polymorphed an object.
 You never changed form.
 You used no wishes.
Achievements:
 You entered the Gnomish Mines.
 You attained the rank of Conjurer.
 You attained the rank of Thaumaturge.
 You entered Minetown.

 The Dungeons of Doom: levels 1 to 3
    Level 1:
       A fountain.
    Level 2:
    Level 3:
       A fountain, a grave.
       Stairs down to The Gnomish Mines.
 The Gnomish Mines: levels 4 to 6
    Level 4:
    Level 5:
    Level 6: <- You were here.
       A fountain.
       Final resting place for
          you, killed by a giant bat.


Vanquished creatures:
  3 orc-captains
  a Mordor orc
 an Uruk-hai
 an orc shaman
  a violet fungus
  3 gnome leaders
  a gnomish wizard
  a kobold mummy
  2 giant ants
  a floating eye
  a kitten
  6 dwarves
  8 hill orcs
  a centipede
  a wererat
  2 hobbits
  3 giant rats
  a green mold
 18 gnomes
  a gnome zombie
  2 geckos
  a jackal
  a fox
  a kobold
  2 goblins
  5 grid bugs
  2 bats
  2 lichens
  2 kobold zombies
  5 newts
80 creatures vanquished.

No species were genocided or became extinct.

Game over:
                       ----------
                      /          \
                     /    REST    \
                    /      IN      \
                   /     PEACE      \
                  /                  \
                  |      Aranth      |
                  |      279 Au      |
                  |   killed by a    |
                  |    giant bat     |
                  |                  |
                  |                  |
                  |       2026       |
                 *|     *  *  *      | *
        _________)/\\_//(\/(/\)/\//\/|_)_______

Goodbye Aranth the Wizard...

You died in The Gnomish Mines on dungeon level 6 with 3214 points,
and 279 pieces of gold, after 2478 moves.
You were level 7 with a maximum of 48 hit points when you died.

